 Dungeon Crawl Stone Soup version 0.21-a0-278-ga722497 (webtiles) character file.

590 boggin the Covert (level 7, -6/46 HPs)
             Began as an Octopode Assassin on Sept 22, 2017.
             Was an Initiate of Wu Jian.
             Killed from afar by an orc wizard (10 damage)
             ... with a puff of frost
             ... on level 7 of the Dungeon.
             The game lasted 00:09:14 (4729 turns).

boggin the Covert (Octopode Assassin)               Turns: 4729, Time: 00:09:15

Health: -6/46      AC:  1    Str: 11    XL:     7   Next: 38%
Magic:  7/7        EV: 13    Int: 13    God:    Wu Jian [......]
Gold:   264        SH:  0    Dex: 15    Spells: 6/6 levels left

rFire    . . .     SeeInvis .   x - +3 dagger (elec)
rCold    . . .     Gourm    .   (no shield)
rNeg     . . .     Faith    .   (helmet restricted)
rPois    .         Spirit   .   (no amulet)
rElec    .         Reflect  .   m - ring of resist corrosion
rCorr    +         Harm     .   (no ring)
MR       .....                  (no ring)
Stlth    +++++.....             (no ring)
HPRegen  0.15/turn              (no ring)
MPRegen  0.10/turn              (no ring)
                                (no ring)
                                (no ring)

@: berserk cooldown, hasted and slowed
A: almost no armour, stealthy swim, amphibious, 8 rings, constrict 8, camouflage
1, gelatinous body 1
a: Renounce Religion


You were on level 7 of the Dungeon.
You worshipped Wu Jian.
Wu Jian was noncommittal.
You were not hungry.

You visited 2 branches of the dungeon, and saw 8 of its levels.

You collected 264 gold pieces.

Inventory:

Hand Weapons
 b - a +0 blowgun
 x - a +3 dagger of electrocution (weapon)
 H - a +2 dagger of venom
Missiles
 c - 6 poisoned needles
 d - 2 curare-tipped needles
 h - 117 stones (quivered)
 s - 3 needles of frenzy
 F - 2 throwing nets
Armour
 y - a +1 hat
 A - a +0 shield
Jewellery
 m - a ring of resist corrosion (left tentacle)
Wands
 k - a wand of iceblast (11/15)
 z - a wand of digging (6/24)
 C - a wand of lightning (2/15)
Scrolls
 a - a scroll of acquirement {unknown}
 e - 3 scrolls of identify
 i - 2 scrolls of recharging
 j - a scroll of remove curse
 o - a scroll of amnesia
 r - 3 scrolls of fear
 v - a scroll of random uselessness {unknown}
 w - 3 scrolls of fog {unknown}
Potions
 l - 3 potions of lignification
 n - a potion of degeneration
 q - a potion of magic
 B - 2 potions of haste
 E - a potion of berserk rage
 G - a potion of agility {unknown}
Comestibles
 f - a bread ration
 g - 3 meat rations
 p - 8 fruits
 D - 2 royal jellies


   Skills:
 + Level 3.4 Fighting
 + Level 4.9 Short Blades
 - Level 2.0 Throwing
 - Level 1.0 Dodging
 * Level 9.4 Stealth


You had 6 spell levels left.
You didn't know any spells.

Dungeon Overview and Level Annotations

Branches:
Dungeon (7/15)             Temple (1/1) D:5

Altars:
Ashenzari
Cheibriados
Fedhas
Hepliaklqana
Nemelex Xobeh
Okawaru
Qazlal
Trog
Uskayaw
Wu Jian
Xom
Lugonu

Annotations:
D:5 2 transporters


Innate Abilities, Weirdness & Mutations

You cannot wear most types of armour.
You are very stealthy in the water. (Stealth+)
You are amphibious.
You can wear up to eight rings at the same time.
You can use your tentacles to constrict eight enemies at once.
Your skin changes colour to match your surroundings (Stealth+).
Your rubbery body absorbs attacks. (AC +1, EV +1)


Message History

The orc is heavily wounded.
The orc closely misses you.
You puncture the orc! Lightning courses through the orc!
You kill the orc!
The Council accepts your kill.
You are no longer berserk.
You are exhausted.
You feel yourself slow down.
You hit the orc wizard. Your grab misses the orc wizard.
Your squeeze misses the orc wizard.
The orc wizard is lightly wounded.
You barely miss the orc wizard. You grab the orc wizard.
The orc wizard is lightly wounded.
You constrict the orc wizard. The orc wizard barely misses you.
You hit the orc wizard but do no damage.
The orc wizard is lightly wounded.
You constrict the orc wizard.
The orc wizard points at you and mumbles some strange words.
The puff of frost hits you!
You die...

### ..# #.#
#.# #.# #.#
#.# #@# #o#
####.#
##....#
#....##
#..#.#
####....####
+...<........
####.oo.#####


You could see an orc wizard.

Vanquished Creatures
  A scorpion (D:4)
  A crimson imp (D:5)
  3 hounds
  An orc priest (D:3)
  A jelly (D:5)
  An iguana (D:4)
  3 orc wizards (D:5)
  3 worker ants
  3 gnolls (D:4)
  4 adders
  An ooze (D:2)
  An adder skeleton (D:4)
  3 worms
  A leopard gecko (D:4)
  21 orcs
  3 giant cockroaches
  4 goblins
  6 hobgoblins
  5 jackals
  A quokka (D:5)
  6 bats
  7 frilled lizards
  5 kobolds
  2 leopard gecko skeletons
  A quokka skeleton (D:4)
  9 rats
97 creatures vanquished.

Notes
Turn   | Place    | Note
-------+----------+-------------------------------------------
     0 | D:1      | boggin the Octopode Assassin began the quest for the Orb.
     0 | D:1      | Reached XP level 1. HP: 14/14 MP: 1/1
   251 | D:1      | Reached XP level 2. HP: 19/19 MP: 2/2
   751 | D:2      | Found a shattered altar of Ashenzari.
   937 | D:2      | Reached XP level 3. HP: 20/24 MP: 3/3
  1239 | D:2      | Reached skill level 6 in Stealth
  1815 | D:3      | Reached XP level 4. HP: 20/29 MP: 4/4
  2189 | D:3      | Reached skill level 7 in Stealth
  2191 | D:3      | Reached XP level 5. HP: 28/34 MP: 5/5
  2642 | D:3      | Found a blossoming altar of Fedhas.
  3072 | D:4      | Reached XP level 6. HP: 41/41 MP: 6/6
  3138 | D:4      | Reached skill level 8 in Stealth
  3866 | D:5      | Entered Level 5 of the Dungeon
  3900 | D:5      | Found a transporter.
  3901 | D:5      | Noticed an ice beast
  3901 | D:5      | Noticed an ice beast
  3901 | D:5      | Noticed an ice beast
  3983 | D:5      | Found a hazy altar of Hepliaklqana.
  3984 | D:5      | Found a shimmering altar of Xom.
  3984 | D:5      | Noticed a tentacled monstrosity
  3985 | D:5      | Noticed a tentacled monstrosity
  3985 | D:5      | Noticed a spectral ugly thing
  3997 | D:5      | Found a transporter.
  4023 | D:5      | Found a shattered altar of Ashenzari.
  4126 | D:5      | Reached XP level 7. HP: 46/46 MP: 7/7
  4134 | D:5      | Reached skill level 9 in Stealth
  4162 | D:5      | Found a staircase to the Ecumenical Temple.
  4171 | Temple   | Entered the Ecumenical Temple
  4232 | Temple   | Became a worshipper of the Wu Jian Council
  4729 | D:7      | Killed from afar by an orc wizard

Vault maps used:
D:1:      saegor_arrival_under_anarchy, minmay_crystal_room, kennysheep_doodads
D:2:      lemuel_crystal_altar
D:3:      fedhas_altar_1
D:5:      gammafunk_cloud_chamber, regret_index_temple_of_mockery,
          lemuel_temple_firewalk_b, first_bread, grunt_decor_arrowhead,
          serial_park_tiny_2, evilmike_ruin_ashenzari
D:6:      minmay_overflow_temple_hex, kennysheep_little_box
D:7:      grunt_gozag_statues, kennysheep_mini_moat, serial_shops,
          nicolae_shop_window_shopping, shop_fountains, shop, the_bakery,
          minmay_crystal_water, corexii_hall_statues_t, sigmund_edmund_badplayer
Temple:   corrupted_temple

Skill      XL: |  1  2  3  4  5  6  7 |
---------------+----------------------+-----
Short Blades   | 3 4 |  4.9
Stealth        | 6 7 8 9 |  9.4
Fighting       | 3 |  3.4
Throwing       | |  2.0
Dodging        | |  1.0

Action                   |  1- 3 |  4- 6 |  7- 9 || total
-------------------------+-------+-------+-------++-------
Melee: Dagger            |    61 |    89 |    44 ||   194
       Constrict         |    19 |    20 |    15 ||    54
       Tentacles         |    10 |    13 |     1 ||    24
 Fire: Blowgun           |       |     8 |       ||     8
  Use: Scroll            |     6 |     5 |       ||    11
       Potion            |     1 |     2 |     5 ||     8
 Stab: Sleeping          |    14 |    14 |       ||    28
       Invisible         |       |     1 |       ||     1
  Eat: Chunk             |     3 |     4 |       ||     7
       Bread ration      |       |     1 |       ||     1
Armor: Skin              |     7 |     1 |     3 ||    11
Dodge: Dodged            |    30 |    33 |    32 ||    95

Table legend:
 A = Spawn XP
 B = Non-spawn XP
 C = Spawn XP percentage of total XP
 D = Spawn monster count
 E = Non-spawn monster count
 F = Spawn count percentage of total count
 G = Total turns spent on level
                    A         B        C        D         E        F      G
               +---------+---------+-------+---------+---------+-------+---------
         Total |       0 |     843 |   0.0 |       0 |      97 |   0.0 |  4729
               +---------+---------+-------+---------+---------+-------+---------
           D:1 |       0 |      23 |   0.0 |       0 |      16 |   0.0 |   726
           D:2 |       0 |      54 |   0.0 |       0 |      20 |   0.0 |  1040
           D:3 |       0 |     109 |   0.0 |       0 |      25 |   0.0 |   990
           D:4 |       0 |     338 |   0.0 |       0 |      16 |   0.0 |  1110
           D:5 |       0 |     264 |   0.0 |       0 |      14 |   0.0 |   731
           D:6 |       0 |       4 |   0.0 |       0 |       2 |   0.0 |    28
           D:7 |       0 |      51 |   0.0 |       0 |       4 |   0.0 |    26
               +---------+---------+-------+---------+---------+-------+---------
